 Dungeon Crawl Stone Soup version 0.27.1-3-gb3d3a73c9e (webtiles) character file.

Game seed: 4008968181303353435

56 jlumianski the Shield-Bearer (level 3, -8/23 HPs)
             Began as a Gargoyle Fighter on Oct 23, 2021.
             Killed by divine providence
             ... invoked by an orc priest
              (14 damage)
             ... on level 2 of the Dungeon.
             The game lasted 00:04:15 (1735 turns).

jlumianski the Shield-Bearer (Gargoyle Fighter)     Turns: 1735, Time: 00:04:15

Health: -8/23      AC: 11    Str: 20    XL:     3   Next: 95%
Magic:  3/3        EV:  7    Int:  8    God:
Gold:   66         SH:  9    Dex:  9    Spells: 2/2 levels left

rFire    . . .     SeeInvis .   n - +0 broad axe
rCold    . . .     Faith    .   c - +0 kite shield
rNeg     + . .     Spirit   .   b - +0 scale mail
rPois    ∞         Reflect  .   o - +1 hat
rElec    +         Harm     .   (no cloak)
rCorr    .         Rampage  .   (no gloves)
Will     .....                  (no boots)
Stlth    ..........             (no amulet)
HPRegen  0.07/turn              (no ring)
MPRegen  0.08/turn              (no ring)

@: no status effects
A: sickness immunity, AC +3, negative energy resistance 1, electricity
resistance, torment resistance 1, petrification resistance
a: no special abilities


You were on level 2 of the Dungeon.
You visited 1 branch of the dungeon, and saw 2 of its levels.

You collected 66 gold pieces.

Inventory:

Hand Weapons
 a - a +0 war axe
 j - a +1 dagger of speed
 n - a +0 broad axe (weapon)
Missiles
 i - 54 stones (quivered)
 l - 5 curare-tipped darts
Armour
 b - a +0 scale mail (worn)
 c - a +0 kite shield (worn)
 o - a +1 hat (worn)
Jewellery
 k - a ring of wizardry
Scrolls
 e - 2 scrolls of identify {unknown}
 f - 2 scrolls of teleportation {unknown}
 h - a scroll of amnesia {unknown}
 m - a scroll of fear {unknown}
 q - a scroll of magic mapping {unknown}
Potions
 d - a potion of might
 g - a potion of brilliance {unknown}
 p - a potion of curing {unknown}
 r - a potion of magic {unknown}


   Skills:
 + Level 3.6 Fighting
 + Level 2.3 Axes
 + Level 3.8 Armour
 + Level 4.1 Shields


You had 2 spell levels left.
You didn't know any spells.
Your spell library was empty.

Dungeon Overview and Level Annotations

Branches:
Dungeon (2/15)

Altars:

Shops:
D:1 (


Innate Abilities, Weirdness & Mutations

You are immune to sickness and miasma.
Your stone body is resilient. (AC +3)
You are immune to poison.
You resist negative energy. (rN+)
You are resistant to electric shocks. (rElec)
You are resistant to unholy torment.
You are immune to petrification.


Message History

An orc and an orc priest come into view.
The orc shouts!
The orc priest shouts!
You hear a shout! x3
There are monsters nearby!
An orc priest comes into view. It is wielding a +0 short sword.
An orc and an orc priest come into view.
The orc priest shouts!
You block the orc's attack. The orc hits you but does no damage.
You barely miss the orc. The orc hits you but does no damage.
The orc completely misses you.
You closely miss the orc. The orc hits you with a +0 short sword.
You slash the orc!
You kill the orc!
The orc barely misses you.
Things that are here:
a +0 short sword; a +0 ring mail; an orc corpse You closely miss the orc.
You block the orc's attack. The orc hits you with a +0 flail.
You hit the orc.
The orc is severely wounded.
The orc hits you with a +0 flail.
You hit the orc but do no damage.
The orc is severely wounded.
The orc barely misses you. You block the orc's attack.
You slash the orc!
You kill the orc!
Things that are here:
a +0 flail; a +0 ring mail; an orc corpse
Things that are here:
a +0 short sword; a +0 ring mail; an orc corpse You start resting.
An orc priest is nearby!
The orc priest calls down the wrath of Beogh upon you.
Beogh smites you!
Ouch! That really hurt!
* * * LOW HITPOINT WARNING * * *
The orc priest invokes the aid of Beogh against you.
Beogh smites you!
Ouch! That really hurt!
You die...

#.#########..# #...
#........###o# #########...
#..#...#..##.# #.......†...
..........o#.## #...........
#..........⌠#..# #...........
...........o#..###...........
.....#...#..##................
###........###................
#.#########@.###.####.###...
#............###.###..# ####
..#.....###.......##..# #
..........#............######
............................>.
............#................#
............#................#
............#............##..#
............#.....#####....)..


You could see an orc priest.

Vanquished Creatures
  2 adders (D:2)
  2 dart slugs
  2 orcs (D:2)
  3 endoplasms
  3 giant cockroaches
  5 goblins
  2 hobgoblins (D:1)
  A kobold (D:1)
  A quokka (D:1)
  3 ball pythons
  2 bats (D:1)
  4 frilled lizards
  A rat (D:1)
31 creatures vanquished.

Notes
Turn   | Place    | Note
-------+----------+-------------------------------------------
     0 | D:1      | jlumianski the Gargoyle Fighter began the quest for the
                  | Orb.
     0 | D:1      | Reached XP level 1. HP: 14/14 MP: 1/1
     2 | D:1      | Found a faded altar of an unknown god.
   211 | D:1      | Reached XP level 2. HP: 19/19 MP: 2/2
   295 | D:1      | Found Momoith's Weapon Boutique.
  1281 | D:2      | Reached XP level 3. HP: 20/23 MP: 3/3
  1571 | D:2      | Reached skill level 4 in Shields
  1735 | D:2      | Killed from afar by an orc priest

Illustrated notes

Levels and vault maps discovered:
D:1:      minmay_arrival_arboretum_small, layout_basic,
          chequers_ecumenical_altar_simple_redux, serial_shops, shop
D:2:      cheibrodos_pilgrimage, layout_rooms

Skill      XL: |  1  2  3 |
---------------+----------+-----
Axes           | 2 |  2.3
Shields        | 4 |  4.1
Fighting       | |  3.6
Armour         | |  3.8

Action                   || total
-------------------------++-------
Melee: War axe           ||    86
       Broad axe         ||    11
Armor: Scale mail        ||    60
Dodge: Dodged            ||    36
Block: Kite shield       ||    65
